 Dungeon Crawl Stone Soup version 0.18-a0-1145-g178b0c7 (console) character file.

495 vogonpoet the Gusty (level 7, -1/41 HPs)
             Began as a Halfling Air Elementalist on Jan 22, 2016.
             Was an Initiate of Vehumet.
             Slain by Pikel
             ... wielding a +0 whip of freezing
              (7 damage)
             ... on level 4 of the Dungeon.
             The game lasted 00:15:38 (4466 turns).

vogonpoet the Gusty (Halfling Air Elementalist)     Turns: 4466, Time: 00:15:39

Health: -1/41      AC:  2    Str:  8    XL:     7   Next: 38%
Magic:  1/12       EV: 15    Int: 16    God:    Vehumet [......]
Gold:   183        SH:  0    Dex: 15    Spells: 3 memorised, 7 levels left

rFire  . . .     SeeInvis .     l - +0 hunting sling
rCold  . . .     Gourm    .     a - +0 robe
rNeg   . . .     Faith    .     (shield restricted)
rPois  .         Spirit   .     (no helmet)
rElec  .         Dismiss  .     (no cloak)
rCorr  .         Reflect  .     (no gloves)
SustAt .         Harm     +     (no boots)
MR     .....                    i - amulet of harm
Stlth  +++.......               (no ring)
                                u - ring of stealth

@: very slightly contaminated, not resistant to hostile enchantments, fairly
stealthy
A: mutation resistance 1
a: Renounce Religion


You were on level 4 of the Dungeon.
You worshipped Vehumet.
Vehumet was noncommittal.
You were not hungry.

You visited 2 branches of the dungeon, and saw 5 of its levels.

You collected 183 gold pieces.

Inventory:

Hand Weapons
 h - a +0 dagger
 l - a +0 hunting sling (weapon)
 m - a +1 hand axe of flaming
Missiles
 g - 74 stones
 t - a throwing net
 v - 13 sling bullets (quivered)
 C - 16 bolts
Armour
 a - a +0 robe (worn)
Jewellery
 i - an amulet of harm (around neck)
 u - a ring of stealth (left hand)
Wands
 x - a wand of disintegration (8/24)
 E - a wand of flame (26/48)
Scrolls
 e - 4 scrolls of identify {unknown}
 k - 3 scrolls of remove curse {unknown}
 p - 3 scrolls of magic mapping {unknown}
 y - a scroll of enchant armour {unknown}
 z - a scroll of fog {unknown}
 B - a scroll of enchant weapon {unknown}
Potions
 f - 3 potions of agility
 o - a potion of cure mutation {unknown}
 q - 3 potions of curing {unknown}
 r - a potion of magic {unknown}
 s - a potion of brilliance {unknown}
 w - 2 potions of flight {unknown}
 A - a potion of lignification {unknown}
Books
 b - a book of Air

   Spells                             Type                      Level
   a - Shock                          Conjuration/Air              1
   b - Swiftness                      Charms/Air                   2
   c - Repel Missiles                 Charms/Air                   2
   d - Static Discharge               Conjuration/Air              3
   e - Lightning Bolt                 Conjuration/Air              5
Comestibles
 c - 3 bread rations
 d - 5 fruits
 j - 2 meat rations
 n - a chunk of flesh


   Skills:
 - Level 2.1 Dodging
 - Level 2.1 Stealth
 * Level 3.6 Spellcasting
 - Level 1.0 Conjurations
 + Level 7.1 Air Magic


You had 7 spell levels left.
You knew the following spells:

 Your Spells              Type           Power        Failure   Level  Hunger
a - Shock                 Conj/Air       ###.         4%          1    None
b - Swiftness             Chrm/Air       ##......     10%         2    ##.....
c - Static Discharge      Conj/Air       ###.....     12%         3    ###....


Dungeon Overview and Level Annotations

Branches:
Dungeon (4/15)             Temple (1/1) D:4

Altars:
Ashenzari
Kikubaaqudgha
Nemelex Xobeh
Okawaru
Pakellas
Qazlal
Sif Muna
Vehumet
Yredelemnul
Zin
The Shining One

Shops:
D:2 }

Annotations:
D:4 Pikel


Innate Abilities, Weirdness & Mutations

You are small and have problems with some larger weapons.
You are somewhat resistant to further mutation.


Message History

The slave is lightly wounded.
The zap hits the slave.
The slave is moderately wounded.
Pikel hits you with a whip of freezing! Pikel freezes you.
Firing (i - inventory. (,) - cycle):
v - 15 sling bullets (quivered)
Press: ? - help, Shift-Dir - straight line, f - Pikel
Aim: Pikel, wielding a whip of freezing and wearing a robe (severely wounded)
You shoot a sling bullet. The sling bullet hits Pikel.
Pikel is severely wounded.
Pikel completely misses you.
Firing (i - inventory. (,) - cycle):
v - 14 sling bullets (quivered)
Press: ? - help, Shift-Dir - straight line, f/p - Pikel
Aim: Pikel, wielding a whip of freezing and wearing a robe (severely wounded)
You shoot a sling bullet. The sling bullet closely misses Pikel.
Pikel hits you with a whip of freezing.
* * * LOW HITPOINT WARNING * * *
Pikel freezes you.
* * * LOW HITPOINT WARNING * * *
Pikel hits you with a whip of freezing.
You die...

#.# #..........#
##.#######
#.###.###.####.#
###.....## ##.##...##.#
#.# ##.......##
...........# #.#
#....<....#
#####...#### #.#
#.♣.....♣.# ##.## #[#
#.........# #.# #p#
##..♣.♣..## #.#
#K######.....##
#.########.@.........##
#..........######...##
############ #####


You could see Pikel and a slave.

Vanquished Creatures
  An ogre (D:3)
  3 slaves (D:4)
  A scorpion (D:4)
  A giant frog skeleton (D:4)
  Ijyb (D:3)
  Natasha (twice) (D:3)
  2 worker ants (D:4)
  6 gnolls
  7 adders
  5 worms
  A giant gecko (D:2)
  6 orcs
  3 bats
  A giant cockroach (D:4)
  12 goblins
  11 hobgoblins
  3 jackals (D:4)
  5 kobolds
  6 giant newts
  8 rats
85 creatures vanquished.

Notes
Turn   | Place    | Note
--------------------------------------------------------------
     0 | D:1      | vogonpoet the Halfling Air Elementalist began the quest for the Orb.
     0 | D:1      | Reached XP level 1. HP: 11/11 MP: 3/3
   171 | D:1      | Reached XP level 2. HP: 12/17 MP: 2/4
   198 | D:1      | Reached skill level 4 in Air Magic
   594 | D:1      | Learned a level 2 spell: Swiftness
   972 | D:2      | Reached XP level 3. HP: 21/21 MP: 5/5
  1094 | D:2      | Reached skill level 1 in Conjurations
  1132 | D:2      | Reached skill level 5 in Air Magic
  1132 | D:2      | Reached XP level 4. HP: 27/27 MP: 0/6
  1528 | D:2      | Found an oddly glowing altar of Pakellas.
  1528 | D:2      | Found Pakellas's Prime Provisions.
  1632 | D:2      | Reached XP level 5. HP: 21/31 MP: 1/7
  1877 | D:2      | Learned a level 3 spell: Static Discharge
  2295 | D:3      | Noticed Natasha
  2300 | D:3      | Killed Natasha
  2300 | D:3      | Reached skill level 6 in Air Magic
  2380 | D:3      | Noticed Ijyb
  2405 | D:3      | Killed Ijyb
  2405 | D:3      | Reached XP level 6. HP: 33/36 MP: 0/9
  2537 | D:3      | Found a stormy altar of Qazlal.
  2612 | D:3      | Noticed Natasha
  2619 | D:3      | Killed Natasha
  2881 | D:3      | Noticed an ogre
  2888 | D:3      | Killed an ogre
  3099 | D:4      | Found a staircase to the Ecumenical Temple.
  3108 | Temple   | Entered the Ecumenical Temple
  3125 | Temple   | Became a worshipper of Vehumet
  3160 | D:4      | Reached XP level 7. HP: 41/41 MP: 11/11
  3172 | D:4      | Reached skill level 7 in Air Magic
  3315 | D:4      | Noticed Pikel
  4466 | D:4      | Slain by Pikel

Vault maps used:
D:1:      dpeg_arrival_orchard
D:2:      johnstein_pakellas_shop
D:3:      grunt_qazlal_sundering, first_bread, grunt_ministairs_14, uniq_iyjb,
          uniq_natasha
D:4:      minmay_temple_entry_grid, grunt_ministairs_9, uniq_pikel
Temple:   triangle_lava_temple_11

Action                   |  1- 3 |  4- 6 |  7- 9 || total
-------------------------+-------+-------+-------++-------
Melee: Unarmed           |     4 |       |       ||     4
 Fire: Hunting sling     |    26 |   146 |    51 ||   223
 Cast: Shock             |    27 |    21 |    30 ||    78
       Static Discharge  |       |    16 |    11 ||    27
       Swiftness         |       |     1 |       ||     1
  Eat: Chunk             |     1 |     9 |     2 ||    12
       Meat ration       |       |       |     1 ||     1
       Beef jerky        |       |       |     1 ||     1
